 Dungeon Crawl Stone Soup version 0.28.0 (webtiles) character file.

Game seed: 7509945858873819035

5817 ragingrage the Severer (level 10, -17/96 HPs)
             Began as a Minotaur Berserker on Feb 7, 2022.
             Was an Elder of Trog.
             Demolished by a boulder beetle (45 damage)
             ... on level 8 of the Dungeon.
             The game lasted 00:06:18 (10401 turns).

ragingrage the Severer (Minotaur Berserker)        Turns: 10401, Time: 00:06:19

Health: -17/96     AC:  9    Str: 25    XL:     10   Next: 51%
Magic:  0/9        EV:  8    Int:  4    God:    Trog [****..]
Gold:   579        SH:  0    Dex: 11    Spells: 9/9 levels left

rFire   . . .      SeeInvis .   D - +0 war axe
rCold   . . .      Faith    .   (no shield)
rNeg    . . .      Spirit   +   w - +0 chain mail
rPois   .          Reflect  .   (helmet restricted)
rElec   .          Harm     .   (no cloak)
rCorr   .          Rampage  .   A - +0 pair of gloves
Will    ++...                   (no boots)
Stlth   ..........              y - amulet of guardian spirit
HPRegen 1.26/turn               l - ring of flight
MPRegen 0.11/turn               (no ring)

@: strong-willed, on berserk cooldown, flying, regenerating, slowed, studying
Slings, very slow
A: horns 2, retaliatory headbutt
a: Renounce Religion, Berserk, Trog's Hand, Brothers in Arms


You were on level 8 of the Dungeon.
You worshipped Trog.
Trog was greatly pleased with you.
You visited 1 branch of the dungeon, and saw 8 of its levels.
You also visited: Ossuary.

You collected 579 gold pieces.

Inventory:

Hand Weapons
 z - a +2 whip of electrocution
 D - a +0 war axe (weapon)
 E - the +3 trident "Teun" {flame, rC+ Str+3}
   (You took it off an orc on level 8 of the Dungeon)

   It burns those it strikes, dealing additional fire damage.
   Str:       It affects your strength (+3).
   rC:        It protects you from cold.
Missiles
 g - 6 javelins (quivered)
Armour
 w - a +0 chain mail (worn)
 A - a +0 pair of gloves (worn)
Jewellery
 l - a ring of flight (left hand)
 y - an amulet of guardian spirit (around neck)
Wands
 k - a wand of flame (21)
Scrolls
 c - a scroll of identify
 d - a scroll of fog
 i - a scroll of noise {unknown}
 j - 3 scrolls of magic mapping
 o - a scroll of teleportation {unknown}
 p - a scroll of brand weapon {unknown}
 t - 3 scrolls of holy word {unknown}
 u - a scroll of acquirement {unknown}
 v - 2 scrolls of amnesia {unknown}
 F - a scroll of immolation {unknown}
Potions
 a - a potion of berserk rage {unknown}
 b - a potion of mutation {unknown}
 e - a potion of brilliance {unknown}
 f - 2 potions of curing
 h - a potion of lignification {unknown}
 m - 2 potions of haste
 n - a potion of might {unknown}
 q - 2 potions of heal wounds
 r - a potion of flight {unknown}
 s - a potion of attraction {unknown}
 x - a potion of degeneration {unknown}
 B - 3 potions of ambrosia
 C - a potion of cancellation {unknown}


   Skills:
 + Level 11.5 Fighting
 * Level 15.5 Axes
 - Level 2.4 Armour
 - Level 2.1 Dodging


You had 9 spell levels left.
You didn't know any spells.
Your spell library was empty.

Dungeon Overview and Level Annotations

Branches:
Dungeon (8/15)             Temple (0/1) D:5            Lair (0/6) D:8
Ossuary (visited)

Altars:
Dithmenos
Fedhas
Qazlal
Vehumet
Xom

Shops:
D:6 (   D:7 (

Annotations:
D:5 exclusion: statue


Innate Abilities, Weirdness & Mutations

You have a pair of horns on your head.
You reflexively headbutt those who attack you in melee.


Message History

You are too injured to fight recklessly!
You are too injured to fight recklessly!
You are too injured to fight recklessly!
You are too injured to fight recklessly!
You are too injured to fight recklessly!
You are too injured to fight recklessly!
You are too injured to fight recklessly!
You are too injured to fight recklessly!
You are too injured to fight recklessly!
You are too injured to fight recklessly!
You are too injured to fight recklessly!
You are too injured to fight recklessly!
You are too injured to fight recklessly!
You are too injured to fight recklessly!
Unknown command.
The orc priest hits you but does no damage.
The orc priest hits you with a +0 dagger.
The boulder beetle barely misses you.
You slash the orc priest! Your headbutt misses the orc priest.
The orc priest is heavily wounded.
You hit the boulder beetle but do no damage.
The orc priest hits you but does no damage.
The boulder beetle bites you.
You slash the orc priest!
You kill the orc priest!
Trog accepts your kill.
You completely miss the boulder beetle. The boulder beetle bites you!
Things that are here:
a +0 dagger; a +0 ring mail; an orc corpse The boulder beetle bites you.
You fail to use your ability.
The boulder beetle bites you. The boulder beetle bites you!
Your skin crawls.
You feel strong-willed.
The boulder beetle bites you but does no damage.
The boulder beetle bites you!!
* * * LOW HITPOINT WARNING * * *
The boulder beetle curls into a ball and begins rolling!
The boulder beetle hits you!!!
You die...

#......... .# #.....#
#........# ..###..##..
#........###..#..###..
#........##.....##...
#...................
##...°##)........##.
##'○####..._...####
#B..##.........##.
#@................
#.##..##).)..##..#
.....###..#..###.#
.)....##..###..##.#
#....#.....###....(#
#.#.####.#..#.......
..... ..........####
##.#.####.########


You could see a boulder beetle (rolling).

Vanquished Creatures
  Harold (D:7)
  A two-headed ogre (D:7)
  Pikel (D:5)
  Joseph (D:7)
  Prince Ribbit (D:5)
  Grum (D:8)
  A wraith (D:8)
  A steam dragon (D:8)
  Edmund (D:5)
  A water moccasin (D:5)
  3 orc warriors (D:8)
  2 sky beasts (D:7)
  2 ice beasts
  4 wolves
  2 ogres
  2 centaurs
  A phantom (D:5)
  A bullfrog (D:6)
  A water moccasin zombie (D:5)
  A gnoll sergeant (D:6)
  A scorpion (D:6)
  3 wights (D:8)
  2 howler monkeys
  A centaur zombie (D:8)
  2 bullfrog zombies
  2 centaur skeletons
  2 hounds (D:6)
  2 gnoll shamans
  4 orc priests
  A bullfrog skeleton (D:5)
  Jessica (D:3)
  7 iguanas
  An orc wizard (D:5)
  A killer bee zombie (D:7)
  A hound skeleton (D:3)
  13 mummies (Ossuary)
  A howler monkey zombie (D:7)
  12 gnolls
  6 adders
  A shadow imp (D:6)
  An ufetubus (D:6)
  An adder skeleton (D:4)
  A worm (D:2)
  A dart slug (D:2)
  36 orcs
  6 ball pythons
  8 endoplasms
  2 giant cockroaches
  6 goblins
  8 hobgoblins
  A jackal (D:2)
  3 quokkas
  5 bats
  5 frilled lizards
  A gnoll skeleton (Ossuary)
  3 goblin skeletons (Ossuary)
  8 kobolds
  3 kobold skeletons (Ossuary)
  An orc skeleton (Ossuary)
  11 rats
  11 rat skeletons (Ossuary)
215 creatures vanquished.

Vanquished Creatures (others)
  An orc wizard (D:5)
  3 fungi (D:6)
4 creatures vanquished.

Grand Total: 219 creatures vanquished

Notes
Turn   | Place    | Note
-------+----------+-------------------------------------------
     0 | D:1      | ragingrage the Minotaur Berserker began the quest for the
                  | Orb.
     0 | D:1      | Reached XP level 1. HP: 19/19 MP: 0/0
   101 | D:1      | Reached skill level 4 in Axes
   320 | D:1      | Reached XP level 2. HP: 22/27 MP: 1/1
  1130 | D:2      | Reached XP level 3. HP: 33/33 MP: 2/2
  1448 | D:2      | Reached skill level 5 in Axes
  1640 | D:2      | Reached XP level 4. HP: 32/41 MP: 3/3
  1799 | D:2      | Reached ** piety under Trog
  2404 | D:3      | Noticed Jessica
  2418 | D:3      | Killed Jessica
  2419 | D:3      | Reached skill level 5 in Fighting
  2419 | D:3      | Reached skill level 6 in Axes
  2419 | D:3      | Reached XP level 5. HP: 48/48 MP: 4/4
  2467 | D:3      | Found a stormy altar of Qazlal.
  3233 | D:4      | Found a shimmering altar of Xom.
  3244 | D:4      | Found a sand-covered staircase.
  3256 | Ossuary  | Entered an ossuary
  3405 | Ossuary  | Reached *** piety under Trog
  3789 | Ossuary  | Reached skill level 7 in Axes
  3789 | Ossuary  | Reached XP level 6. HP: 56/56 MP: 5/5
  4961 | D:5      | Entered Level 5 of the Dungeon
  4976 | D:5      | Noticed a water moccasin
  4982 | D:5      | Killed a water moccasin
  4983 | D:5      | Reached skill level 8 in Axes
  4988 | D:5      | Found a staircase to the Ecumenical Temple.
  5036 | D:5      | Noticed Edmund
  5047 | D:5      | Killed Edmund
  5048 | D:5      | Reached XP level 7. HP: 64/64 MP: 6/6
  5168 | D:5      | Found a glowing drain.
  5229 | D:5      | Noticed Pikel
  5241 | D:5      | Killed Pikel
  5242 | D:5      | Reached skill level 10 in Axes
  5242 | D:5      | Reached XP level 8. HP: 73/73 MP: 7/7
  5628 | D:5      | Reached **** piety under Trog
  5779 | D:5      | Noticed Prince Ribbit
  5797 | D:5      | Killed Prince Ribbit
  5798 | D:5      | Reached skill level 11 in Axes
  5924 | D:5      | Found a blossoming altar of Fedhas.
  6148 | D:5      | Found a radiant altar of Vehumet.
  6595 | D:6      | Found Hogej's Antique Weapon Shoppe.
  6767 | D:6      | Reached skill level 12 in Axes
  6767 | D:6      | Reached XP level 9. HP: 82/82 MP: 8/8
  7552 | D:7      | Found Ogioppy's Weapon Emporium.
  7574 | D:7      | Noticed Joseph
  7581 | D:7      | Killed Joseph
  7586 | D:7      | Reached skill level 13 in Axes
  8037 | D:7      | Noticed a two-headed ogre
  8046 | D:7      | Killed a two-headed ogre
  8047 | D:7      | Reached skill level 10 in Fighting
  8047 | D:7      | Reached skill level 14 in Axes
  8841 | D:8      | Noticed a boulder beetle
  8876 | D:8      | Found a staircase to the Lair.
  8877 | D:8      | Noticed Grum
  8883 | D:8      | Reached XP level 10. HP: 76/94 MP: 7/9
  9114 | D:8      | Killed Grum
  9179 | D:8      | Noticed Harold
  9368 | D:7      | Killed Harold
  9369 | D:7      | Reached skill level 15 in Axes
  9422 | D:8      | Identified the +3 trident "Teun" {flame, rC+ Str+3}
 10349 | D:8      | Found a shadowy altar of Dithmenos.
 10401 | D:8      | Demolished by a boulder beetle

Illustrated notes

Levels and vault maps discovered:
D:1:      dpeg_arrival_boxorama, layout_rooms
D:2:      layout_basic, minmay_split_cup_large
D:3:      layout_loops_corners, mainiacjoe_overflow_six_doors_small,
          grunt_ministairs_1, uniq_jessica
D:4:      layout_cave_pods, kennysheep_mini_moat, nicolae_ossuary_entry_monument
D:5:      layout_loops_ring, vehumet_statue, mainiacjoe_overflow_24_doors,
          minmay_temple_entry_mist, cheibrodos_sewer_entry_drain, uniq_pikel,
          uniq_prince_ribbit1, uniq_edmund
D:6:      layout_rooms, serial_shops, shop_coins, serial_aquarium,
          aquarium_bridge_square [aquarium_subvault_balcony,
          aquarium_subvault_window, aquarium_subvault_bridge,
          aquarium_subvault_wall], aquarium_bridge_long_separate
          [aquarium_subvault_wall, aquarium_subvault_bridge,
          aquarium_subvault_wall, aquarium_subvault_window,
          aquarium_subvault_balcony, aquarium_subvault_bridge],
          aquarium_window_1, aquarium_window_fake, aquarium_window_1,
          aquarium_window_fake, aquarium_view_2d, aquarium_view_2a,
          minmay_manual_maat
D:7:      layout_basic, serial_shops, nicolae_diamond_shop, uniq_joseph
D:8:      layout_loops_corners, nicolae_tso_swordbearing_angel,
          nicolae_dithmenos_shadow_blocks, mainiacjoe_overflow_surrounded_room,
          lair_entry_dummy, special_room [special_room_orc],
          kennysheep_crisscross, uniq_harold, uniq_grum

Skill      XL: |  1  2  3  4  5  6  7  8  9 10 |
---------------+-------------------------------+-----
Axes           | 4 5 6 7 8 10 12 14 15 | 15.5
Fighting       | 4 5 6 7 8 10 11 | 11.5
Armour         | |  2.4
Dodging        | |  2.1

Action                   |  1- 3 |  4- 6 |  7- 9 | 10-12 || total
-------------------------+-------+-------+-------+-------++-------
Melee: Hand axe          |    57 |   192 |    27 |       ||   276
       Headbutt          |     4 |    30 |    45 |    20 ||    99
       Punch             |       |     5 |     3 |     1 ||     9
       Whip              |       |       |   193 |    72 ||   265
       War axe           |       |       |       |    34 ||    34
Invok: Berserk           |     5 |     3 |     6 |     6 ||    20
       Trog's Hand       |       |       |       |     1 ||     1
  Use: Potion            |       |       |     1 |     1 ||     2
       Scroll            |       |       |     5 |     1 ||     6
Armor: Animal skin       |     6 |    12 |       |       ||    18
       Chain mail        |       |    10 |    95 |    39 ||   144
Dodge: Dodged            |    39 |    54 |    78 |    41 ||   212
Block: Other             |       |    22 |     3 |       ||    25
